 Dungeon Crawl Stone Soup version 0.30-a0-1116-gebefce21f7 (webtiles) character file.

Game seed: 7358138054936526560

21631 themarg the Thaumaturge (level 12, -12/97 HPs)
             Began as a Demonspawn Cinder Acolyte on Apr 21, 2023.
             Was an Elder of Ignis.
             Mangled by a death yak (24 damage)
             ... on level 1 of the Lair of Beasts.
             The game lasted 00:52:04 (15296 turns).

themarg the Thaumaturge (DsCA)                     Turns: 15296, Time: 00:52:05

Health: -12/97     AC: 11    Str: 15    XL:     12   Next: 55%
Magic:  0/26       EV: 14    Int: 20    God:    Ignis [****..]
Gold:   641        SH:  0    Dex:  9    Spells: 29/31 levels left

rFire   + . .      SeeInvis .    K - +0 short sword (elec)
rCold   . . .      Faith    .    (no shield)
rNeg    . . .      Spirit   +    b - +0 robe
rPois   .          Reflect  .    w - +2 helmet
rElec   .          Rampage  .    p - +2 cloak
rCorr   .                        D - +0 pair of gloves
Will    .....                    (no boots)
Stlth   ++                       k - amulet of regeneration
HPRegen 1.16/turn                (no ring)
MPRegen 0.40/turn                (no ring)

@: studying Ranged Weapons
A: hooves 1, molten scales 1, magic shield, magic regeneration, demonic magic 1
a: Renounce Religion, Fiery Armour, Foxfire Swarm, Rising Flame


You were on level 1 of the Lair of Beasts.
You worshipped Ignis.
Ignis was greatly pleased with you.
You visited 3 branches of the dungeon, and saw 14 of its levels.
You also visited: Sewer and Ossuary.

You collected 1008 gold pieces.
You spent 367 gold pieces at shops.

Inventory:

Hand Weapons
 a - a -1 hand axe of flaming
 c - a +0 short sword
 H - the +11 war axe "Goudiumun" {elec, rN+ Str+3}
   (You found it on level 7 of the Dungeon)

   Str:       It affects your strength (+3).
   rN:        It protects you from negative energy.
 K - a +0 short sword of electrocution (weapon)
Missiles
 g - 142 stones
 o - 5 datura-tipped darts
 u - 60 poisoned darts (quivered)
 C - 7 boomerangs
 J - a throwing net
 R - 4 javelins
Armour
 b - a +0 robe (worn)
 p - a +2 cloak (worn)
 w - a +2 helmet (worn)
 D - a +0 pair of gloves (worn)
Magical Staves
 U - the staff of earth "Fedwoteu" {Int+2}
   (You found it on level 1 of the Lair of Beasts)

   [staff of earth]

   Base accuracy: +5 Base damage: 5 Base attack delay: 1.2 This weapon's minimum
   attack delay (0.6) is reached at skill level 12.
   Int:       It affects your intelligence (+2).
   It falls into the 'Staves' category.
   It is a one-handed weapon.
Jewellery
 k - an amulet of regeneration (around neck)
 L - a ring of flight
 M - a +6 ring of intelligence
 T - a ring of resist corrosion
Wands
 l - a wand of flame (4)
 n - a wand of paralysis (25)
 z - a wand of roots (3)
 N - a wand of polymorph (6)
 O - a wand of quicksilver (6)
 P - a wand of mindburst (3)
Scrolls
 h - 8 scrolls of teleportation
 i - 3 scrolls of fear
 s - 2 scrolls of enchant weapon
 t - a scroll of amnesia
 x - a scroll of magic mapping
 y - 3 scrolls of fog
 A - 2 scrolls of blinking
 B - a scroll of vulnerability
 E - 2 scrolls of identify
 I - 2 scrolls of enchant armour
 V - a scroll of poison {unknown}
Potions
 d - a potion of curing
 e - 4 potions of resistance
 f - 2 potions of lignification
 j - a potion of magic {unknown}
 m - a potion of berserk rage {unknown}
 q - 2 potions of ambrosia
 r - 4 potions of mutation
 v - 3 potions of might
 F - 2 potions of brilliance
 G - 2 potions of heal wounds
 Q - a potion of haste {unknown}
 S - 2 potions of flight {unknown}


   Skills:
 - Level 10.0 Fighting
 + Level 5.6 Short Blades
 - Level 2.6 Axes
 - Level 2.0 Throwing
 - Level 10.0 Dodging
 - Level 4.0 Stealth
 - Level 10.0 Spellcasting
 - Level 8.0 Fire Magic
 - Level 2.0 Evocations


You had 29 spell levels left.
You knew the following spells:

 Your Spells              Type           Power      Damage    Failure   Level
a - Scorch                Fire           84%        2d9       1%          2

Your spell library contained the following spells:

 Spells                   Type           Power      Damage    Failure   Level
 Petrify                  Tmut/Erth      10%        N/A       56%         4
 Metabolic Englaciation   Hex/Ice        5%         N/A       88%         5
 Statue Form              Tmut/Erth      6%         N/A       100%        6


Dungeon Overview and Level Annotations

Branches:
Dungeon (11/15)            Temple (1/1) D:6            Lair (2/5) D:9
    Orc (0/2) D:10          Sewer (visited)         Ossuary (visited)
  Swamp: Lair:2-3    Shoals: Lair:2-3     Snake: Lair:2-3    Spider: Lair:2-3

Altars:
Ashenzari
Cheibriados
Dithmenos
Fedhas
Gozag
Hepliaklqana
Kikubaaqudgha
Makhleb
Nemelex Xobeh
Okawaru
Qazlal
Ru
Sif Muna
Trog
Uskayaw
Vehumet
Wu Jian
Xom
Yredelemnul

Shops:
D:5 ?   D:6 *   D:8 *   D:9 *   D:10 ([

Annotations:
D:9 exclusion: ice statue


Innate Abilities, Weirdness & Mutations

You have large cloven feet.
You are partially covered in molten scales. (AC +2)
When hurt, damage is shared between your health and your magic reserves.
You regenerate magic rapidly.
Spells you cast may paralyse adjacent enemies.


Message History

Malevolent energies surge around you.
You hear a bellow!
The yak is no longer more vulnerable to fire.
The yak barely misses you. The death yak gores you. The yak misses you.
Flames lash the death yak.
The death yak is burned terribly!
The death yak is heavily wounded.
Malevolent energies surge around you. The yak gores you but does no damage.
The death yak gores you!! The yak gores you. The yak attacks as you move away!
The yak gores you! The death yak attacks as you move away!
The death yak misses you. The yak barely misses you.
A death yak comes into view.
The death yak attacks as you move away!
The death yak gores you but does no damage.
The death yak attacks as you move away! The death yak gores you!!
There is a stone staircase leading up, spattered with blood here.
The death yak closely misses you.
You climb upwards.
There is a stone staircase leading down here.
Flames lash the death yak but do no damage.
Malevolent energies surge around you. The death yak misses you.
Flames lash the death yak.
The death yak is burned terribly!
The death yak is heavily wounded.
Malevolent energies surge around you. The death yak gores you!!
* * * LOW HITPOINT WARNING * * *
Flames lash the death yak.
The death yak is heavily wounded.
Malevolent energies surge around you. The death yak gores you!!
* * * LOW HITPOINT WARNING * * *
You hit the death yak. You kick the death yak.
The death yak is heavily wounded.
Aiming: Fastroot
Press: ? - help, Shift-Dir - straight line The roots erupt in riotous growth!
Roots grab the death yak.
The grasping roots constrict the death yak, but do no damage.
The death yak gores you but does no damage.
The grasping roots constrict the death yak!
The death yak gores you!!
You die...

## #.+##### #.##.##'#.## ##...#
#######.### #..## ##.# ##.##
#>.### #.P# ####+#[.# #..#####
###.......# #####
#####'#.#.###...###.#.##
.P#.###.#.......>##..........#
†.......'......Y@#..###..##.##
.###.###.........'..#.#...#.#####
## ### ##........###..###....#...
#.........# #....#...+..#.
##........# #..#.#.#.#####
########## ##.#.#.#..# #..##...##
#.......# #########


You could see a death yak (combustible, rooted).

Vanquished Creatures
  2 hydras (Lair:2)
  A boulder beetle (D:11)
  4 two-headed ogres
  A catoblepas (Lair:1)
  Urug (D:11)
  Pikel (D:5)
  2 cane toads (Lair:2)
  An unseen horror (D:11)
  Psyche (D:11)
  2 rime drakes
  An unseen horror zombie (D:8)
  2 komodo dragons (Lair:2)
  2 hornets
  2 trolls
  Prince Ribbit (D:5)
  10 blink frogs
  2 shadows
  Sigmund (D:2)
  2 vampires
  2 wraiths
  A human (D:6)
  A steam dragon (D:4)
  3 wyverns
  A basilisk (Lair:1)
  16 yaks
  Grum (Lair:1)
  Menkaure (D:7)
  3 water moccasins
  5 orc warriors
  2 sky beasts (D:6)
  3 black bears
  5 ice beasts
  3 ogres
  6 wolves
  4 centaurs
  A lemure (D:4)
  A phantom (D:5)
  7 kobold brigands
  An elf zombie (Ossuary)
  5 bullfrogs
  2 gnoll sergeants
  4 scorpions
  A wight (D:8)
  5 electric eels
  7 howler monkeys
  4 hounds
  3 jellies
  A human zombie (Ossuary)
  4 orc priests
  Terence (D:3)
  5 gnoll boudas
  7 orc wizards
  2 iguanas
  5 hell rats (Lair:1)
  2 killer bee zombies (D:8)
  3 mummies
  24 gnolls
  12 adders
  2 river rats (Sewer)
  2 shadow imps (D:5)
  12 white imps (Lair:2)
  2 ufetubi
  2 worms
  6 dart slugs
  34 orcs
  10 ball pythons
  3 bats
  8 endoplasms
  11 giant cockroaches
  3 gnoll zombies (Ossuary)
  8 goblins
  8 hobgoblins
  14 jackals
  4 quokkas
  9 frilled lizards
  5 goblin zombies
  4 hobgoblin zombies (Ossuary)
  A jackal zombie (D:6)
  24 kobolds
  An orc zombie (Ossuary)
  11 rats
  2 butterflies (Lair:1)
389 creatures vanquished.

Vanquished Creatures (others)
  2 fungi (Lair:2)
  48 plants
50 creatures vanquished.

Grand Total: 439 creatures vanquished

Notes
Turn   | Place    | Note
-------+----------+-------------------------------------------
     0 | D:1      | themarg the Demonspawn Cinder Acolyte began the quest for
                  | the Orb.
     0 | D:1      | Reached XP level 1. HP: 18/18 MP: 2/2
    76 | D:1      | Gained mutation: You regenerate magic rapidly. [demonic
                  | ancestry]
    76 | D:1      | Reached XP level 2. HP: 23/24 MP: 2/4
   371 | D:1      | Learned a level 2 spell: Scorch
   436 | D:1      | Reached XP level 3. HP: 23/29 MP: 2/6
  1268 | D:2      | Noticed Sigmund
  1283 | D:2      | Killed Sigmund
  1284 | D:2      | Reached skill level 5 in Fire Magic
  1284 | D:2      | Gained mutation: When hurt, damage is shared between your
                  | health and your magic reserves. [demonic ancestry]
  1284 | D:2      | Reached XP level 4. HP: 12/35 MP: 1/7
  1284 | D:2      | Reached XP level 5. HP: 14/41 MP: 1/8
  2300 | D:3      | Found a glowing drain.
  2330 | Sewer    | Entered a sewer
  2409 | Sewer    | Gained mutation: You are partially covered in molten
                  | scales. (AC +2) [demonic ancestry]
  2409 | Sewer    | Reached XP level 6. HP: 34/47 MP: 1/9
  2892 | Sewer    | Gained mutation: You have large cloven feet. [demonic
                  | ancestry]
  2892 | Sewer    | Reached XP level 7. HP: 8/54 MP: 1/12
  3274 | D:3      | Noticed Terence
  3313 | D:3      | Killed Terence
  3376 | D:3      | Found a radiant altar of Vehumet.
  3719 | D:3      | Found a faded altar of an unknown god.
  4054 | D:4      | Noticed a steam dragon
  4108 | D:4      | Reached skill level 1 in Stealth
  4243 | D:4      | Killed a steam dragon
  4244 | D:4      | Reached skill level 5 in Fighting
  4445 | D:4      | Found a broken altar of Ashenzari.
  4759 | D:4      | Reached XP level 8. HP: 62/62 MP: 9/14
  4942 | D:4      | Reached skill level 5 in Spellcasting
  4942 | D:4      | Reached skill level 1 in Evocations
  5046 | D:4      | Reached skill level 1 in Throwing
  5163 | D:5      | Entered Level 5 of the Dungeon
  5163 | D:5      | Found Ibompyca's Magic Scroll Boutique.
  5169 | D:5      | Bought a scroll of teleportation for 30 gold pieces
  5169 | D:5      | Bought a scroll of identify for 20 gold pieces
  5169 | D:5      | Bought a scroll of teleportation for 30 gold pieces
  5169 | D:5      | Bought a scroll of identify for 20 gold pieces
  5169 | D:5      | Bought a scroll of identify for 20 gold pieces
  5169 | D:5      | Bought a scroll of blinking for 75 gold pieces
  5169 | D:5      | Bought a scroll of identify for 20 gold pieces
  5344 | D:5      | Reached skill level 1 in Dodging
  5449 | D:5      | Noticed Pikel
  5504 | D:5      | Killed Pikel
  5505 | D:5      | Reached skill level 5 in Dodging
  5658 | D:5      | Noticed Prince Ribbit
  5661 | D:5      | Gained mutation: Spells you cast may paralyse adjacent
                  | enemies. [demonic ancestry]
  5661 | D:5      | Reached XP level 9. HP: 51/68 MP: 8/16
  5670 | D:5      | Killed Prince Ribbit
  5670 | D:5      | Noticed a two-headed ogre
  5705 | D:5      | Killed a two-headed ogre
  6563 | D:5      | Bought a scroll of vulnerability for 40 gold pieces
  6868 | D:6      | Found Quukuhau's Assorted Antiques.
  6894 | D:6      | Found a sacrificial altar of Ru.
  7049 | D:6      | Found a staircase to the Ecumenical Temple.
  7054 | Temple   | Entered the Ecumenical Temple
  7182 | D:6      | Reached skill level 1 in Short Blades
  7221 | D:6      | Found a runed translucent door.
  7226 | D:6      | Found a basalt altar of Yredelemnul.
  7240 | D:6      | Reached XP level 10. HP: 76/79 MP: 13/22
  8100 | D:7      | Identified the +11 war axe "Goudiumun" {elec, rN+ Str+3}
  8240 | D:7      | Noticed Menkaure
  8246 | D:7      | Killed Menkaure
  8689 | D:7      | Reached skill level 5 in Short Blades
  9127 | D:8      | Found a stormy altar of Qazlal.
  9136 | D:8      | Found Etol's Assorted Antiques.
  9207 | D:8      | Found a sand-covered staircase.
  9240 | Ossuary  | Entered an ossuary
  9566 | D:8      | Found a sparkling altar of Nemelex Xobeh.
 10036 | D:9      | Noticed an ice statue
 10363 | D:9      | Found Zyetoeqoc's Assorted Antiques.
 10368 | D:9      | Bought a scroll labelled OJAULI CIOTIC for 28 gold pieces
 10368 | D:9      | Bought a scroll of teleportation for 84 gold pieces
 10438 | D:9      | Noticed a two-headed ogre
 10588 | D:9      | Reached XP level 11. HP: 84/84 MP: 20/23
 10610 | D:9      | Killed a two-headed ogre
 10679 | D:9      | Found a staircase to the Lair.
 11678 | D:10     | Entered Level 10 of the Dungeon
 11683 | D:10     | Noticed a two-headed ogre
 11693 | D:10     | Killed a two-headed ogre
 11765 | D:10     | Found an ornate altar of the Wu Jian Council.
 11765 | D:10     | Found a snail-covered altar of Cheibriados.
 11902 | D:10     | Found Xokhloura's Weapon Shop.
 11904 | D:10     | Found a staircase to the Orcish Mines.
 12170 | D:10     | Found a shimmering altar of Xom.
 12302 | D:10     | Found Duivi's Armour Shop.
 12479 | D:11     | Noticed Psyche
 12483 | D:11     | Killed Psyche
 12608 | D:11     | Noticed a boulder beetle
 12623 | D:11     | Killed a boulder beetle
 12679 | D:11     | Noticed Urug
 12702 | D:11     | Noticed a two-headed ogre
 12782 | D:10     | Killed a two-headed ogre
 12871 | D:11     | Killed Urug
 13203 | D:11     | Reached skill level 10 in Spellcasting
 13366 | Lair:1   | Entered Level 1 of the Lair of Beasts
 13367 | Lair:1   | Upgraded the game from 0.30-a0-1114-gd936c97349 to
                  | 0.30-a0-1116-gebefce21f7
 13386 | Lair:1   | Identified the staff of earth "Fedwoteu" {Int+2}
 13465 | Lair:1   | Noticed Grum
 13487 | Lair:1   | Killed Grum
 13587 | Lair:1   | Reached XP level 12. HP: 62/97 MP: 7/26
 13596 | Lair:1   | Reached skill level 10 in Fighting
 14500 | Lair:2   | Noticed a catoblepas
 14508 | Lair:2   | Noticed a five-headed hydra
 14557 | Lair:1   | HP: 3/97 [catoblepas (3)]
 14560 | Lair:1   | HP: 1/97 [catoblepas (2)]
 14562 | Lair:1   | Killed a catoblepas
 14669 | Lair:2   | Killed a five-headed hydra
 14763 | Lair:2   | Noticed a death yak
 14864 | Lair:2   | Found a frozen archway.
 15012 | Lair:2   | Noticed a five-headed hydra
 15037 | Lair:2   | Killed a five-headed hydra
 15041 | Lair:2   | Reached skill level 10 in Dodging
 15259 | Lair:2   | Noticed a death yak
 15278 | Lair:2   | Noticed a death yak
 15296 | Lair:1   | Mangled by a death yak

Illustrated notes

Levels and vault maps discovered:
D:1:      minmay_arrival_nine_rooms, layout_loops_ring
D:2:      layout_basic, uniq_sigmund
D:3:      layout_basic, lemuel_round_altar, gup_sewer_entry_pipe,
          dilly_ecumenical_altar_fadedgnrine, kennysheep_generic_room_13,
          uniq_terence
D:4:      layout_loops_ring, marbit_many_paths, minmay_manual_mess
D:5:      layout_loops_ring, serial_shops, nicolae_stop_n_shop_2,
          minmay_divided_ellipse, uniq_prince_ribbit1, uniq_pikel
D:6:      layout_cave_pods, nicolae_overflow_hidden_temple,
          dk_yredelemnul_ordeal, minmay_temple_entry_purple_smoke, serial_shops,
          nicolae_shop_overgrown_old_shop, nicolae_grassy_gnolls
D:7:      layout_basic, grunt_decor_clamped, uniq_menkaure
D:8:      layout_loops_ring, mainiacjoe_overflow_six_doors_small,
          grunt_qazlal_clouds, gup_ossuary_entry_pyramid, serial_shops, shop,
          serial_undead, serial_undead_e, serial_undead_c, serial_undead_f,
          serial_undead_b
D:9:      layout_grid_maze, hellmonk_lair_entry_icy, serial_shops, shop,
          minivault_15
D:10:     layout_gridville, xom_butterflies, nicolae_overflow_two_pavilions,
          orc_david_3
D:11:     layout_rooms, special_room [special_room_orc], uniq_psyche, uniq_urug
Temple:   cyrus_circular_temple
Lair:1:   layout_roguey, disabler_island, lemuel_fruit_fields,
          serial_bayou_shore_b, serial_bayou_shore_a, uniq_grum
Lair:2:   layout_concentric_octagons, nicolae_snake_entry_squirm,
          portal_ice_cave_entry_imps, chequers_serial_rivers_marsh,
          minivault_26, chequers_serial_rivers_micro_e

Skill      XL: |  1  2  3  4  5  6  7  8  9 10 11 12 |
---------------+-------------------------------------+-----
Fire Magic     | 3 5 6 8 |  8.0
Spellcasting   | 2 3 4 5 8 10 | 10.0
Fighting       | 4 5 7 9 10 | 10.0
Stealth        | 3 4 |  4.0
Evocations     | 2 |  2.0
Throwing       | 2 |  2.0
Dodging        | 5 7 10 | 10.0
Short Blades   | 1 5 |  5.6
Axes           | |  2.6

Action                     |  1- 3 |  4- 6 |  7- 9 | 10-12 || total
---------------------------+-------+-------+-------+-------++-------
  Melee: Hand axe          |    65 |    41 |    35 |       ||   141
         Kick              |       |       |    22 |    57 ||    79
         Punch             |       |       |     2 |     3 ||     5
         Short sword       |       |       |    16 |   161 ||   177
  Throw: Dart              |       |       |     6 |    22 ||    28
   Cast: Scorch            |    17 |    53 |   202 |   437 ||   709
 Invoke: Fiery Armour      |     2 |       |     1 |     1 ||     4
  Evoke: Wand              |       |     1 |     1 |    12 ||    14
    Use: Potion            |       |     3 |       |     1 ||     4
         Scroll            |       |       |    14 |    10 ||    24
   Stab: Paralysed         |       |       |    18 |   142 ||   160
 Armour: Robe              |    24 |     8 |    46 |    99 ||   177
  Dodge: Dodged            |    56 |    24 |    71 |   185 ||   336

Table legend: (Time is in decaauts)
 A = Elapsed time spent in this place.
 B = Non-inter-level travel time spent in this place.
 C = Inter-level travel time spent in this place.
 D = Time resting spent in this place.
 E = Time spent auto-exploring this place.
 F = Levels seen in this place.
 G = Mean time per level.
                   A        B        C        D        E       F      G
               +--------+--------+--------+--------+--------+-----+--------+
         Total |  15459 |  14827 |    632 |   1060 |  10531 |  16 |  966.2 |
       Dungeon |  12319 |  11735 |    584 |    776 |   8653 |  11 | 1119.9 |
        Temple |     51 |     43 |      8 |      0 |     34 |   1 |   51.0 |
          Lair |   1941 |   1901 |     40 |    143 |   1203 |   2 |  970.5 |
         Sewer |    952 |    952 |      0 |     62 |    606 |   1 |  952.0 |
       Ossuary |    194 |    194 |      0 |     79 |     35 |   1 |  194.0 |
               +--------+--------+--------+--------+--------+-----+--------+

Top non-repeatable levels by time:
     D:9: 1599 daAuts
     D:2: 1446 daAuts
     D:4: 1430 daAuts
     D:6: 1330 daAuts
     D:5: 1322 daAuts
  Lair:1: 1307 daAuts
     D:7: 1142 daAuts
    D:10: 972 daAuts
   Sewer: 952 daAuts
     D:1: 849 daAuts
     D:8: 819 daAuts
     D:3: 724 daAuts
    D:11: 682 daAuts
  Lair:2: 633 daAuts
 Ossuary: 194 daAuts
